 Dungeon Crawl Stone Soup version 0.27.1-33-g824d729ab1 (webtiles) character file.

Game seed: 15208164159559803750

206 zygocact the Firebug (level 5, -6/42 HPs)
             Began as a Deep Dwarf Fire Elementalist on Dec 15, 2021.
             Was an Initiate of Yredelemnul.
             Mangled by Edmund (7 damage)
             ... on level 6 of the Dungeon.
             The game lasted 00:20:17 (2232 turns).

zygocact the Firebug (Deep Dwarf Fire Elementalist) Turns: 2232, Time: 00:20:17

Health: -6/42      AC:  3    Str: 11    XL:     5   Next: 53%
Magic:  4/7        EV: 11    Int: 17    God:    Yredelemnul [......]
Gold:   147        SH:  0    Dex: 13    Spells: 5/9 levels left

rFire    . . .     SeeInvis .   c - +0 hand axe
rCold    . . .     Faith    .   (no shield)
rNeg     . . .     Spirit   .   i - +0 leather armour
rPois    .         Reflect  .   (no helmet)
rElec    .         Harm     .   (no cloak)
rCorr    .         Rampage  .   (no gloves)
Will     .....                  (no boots)
Stlth    ++........             m - amulet of the acrobat
HPRegen  0.00/turn              (no ring)
MPRegen  0.10/turn              (no ring)

@: no status effects
A: damage resistance, heal wounds, sense surroundings 1, no regeneration
a: Heal Wounds, Renounce Religion


You were on level 6 of the Dungeon.
You worshipped Yredelemnul.
Yredelemnul was noncommittal.
You visited 1 branch of the dungeon, and saw 4 of its levels.

You collected 147 gold pieces.

Inventory:

Hand Weapons
 c - a +0 hand axe (weapon)
 j - a +2 vampiric falchion
Armour
 a - a +0 robe
 i - a +0 leather armour (worn)
Magical Staves
 l - a staff of earth
Jewellery
 m - an amulet of the acrobat (around neck)
Scrolls
 f - a scroll of enchant weapon
Potions
 h - a potion of attraction


   Skills:
 - Level 0.2(0.6) Axes
 - Level 0.5(0.6) Polearms
 - Level 2.0 Armour
 - Level 2.1 Dodging
 - Level 2.7 Stealth
 - Level 0.3 Unarmed Combat
 * Level 2.6 Spellcasting
 + Level 1.4 Conjurations
 * Level 3.6 Fire Magic
 * Level 2.0 Earth Magic
 * Level 2.3 Invocations


You had 5 spell levels left.
You knew the following spells:

 Your Spells              Type           Power      Damage    Failure   Level
a - Foxfire               Conj/Fire      40%        2x1d6     9%          1
b - Inner Flame           Hex/Fire       8%         N/A       34%         3

Your spell library contained the following spells:

 Spells                   Type           Power      Damage    Failure   Level
 Conjure Flame            Conj/Fire      10%        6-21      26%         3
 Sticky Flame             Conj/Fire      10%        2d3       63%         4
 Fireball                 Conj/Fire      5%         3d5       93%         5


Dungeon Overview and Level Annotations

Branches:
Dungeon (3/15)

Altars:
Uskayaw
Wu Jian
Yredelemnul

Annotations:
D:6 Edmund


Innate Abilities, Weirdness & Mutations

You are resistant to damage.
You can heal yourself by infusing magical energy.
You passively map a small area around you.
You do not regenerate.


Message History

Casting: Foxfire (safe; 9% risk of failure)
Confirm with . or Enter, or press ? or * to list all spells.
You conjure some foxfire!
Edmund hits you with a +3 flail of protection!
You hit Edmund but do no damage.
Edmund is lightly wounded.
Edmund hits you with a +3 flail of protection!
You closely miss Edmund.
Edmund is lightly wounded.
Your foxfire dissipates!
Edmund hits you with a +3 flail of protection!
Casting: Foxfire (safe; 9% risk of failure)
Confirm with . or Enter, or press ? or * to list all spells.
You conjure some foxfire!
Edmund hits you with a +3 flail of protection.
* * * LOW HITPOINT WARNING * * *
The foxfire hits Edmund but does no damage.
Edmund is lightly wounded.
Casting: Foxfire (safe; 9% risk of failure)
Confirm with . or Enter, or press ? or * to list all spells.
You conjure some foxfire!
The foxfire hits Edmund.
Edmund is moderately wounded.
Edmund closely misses you.
Your foxfire dissipates!
The foxfire hits Edmund.
Edmund is moderately wounded.
You hit Edmund.
Edmund is moderately wounded.
Edmund hits you with a +3 flail of protection.
* * * LOW HITPOINT WARNING * * *
Edmund closely misses you.
You hit Edmund.
Edmund is moderately wounded.
Edmund hits you with a +3 flail of protection.
* * * LOW HITPOINT WARNING * * *
You closely miss Edmund.
Edmund is moderately wounded.
Edmund hits you with a +3 flail of protection!
You die...
Your body rises from the dead as a mindless zombie.

#
#....##..#.#
,##.#.....#.#
,
#....#...#.#
*
#..#.....#.#
*
#..#..#..#.#
*
#..#..#..#.#
*
#..#..#..#.#
*
#..#.....#.#
,##....#@@..#
*
#.#########,
, ,
#......... *
##########


You could see Edmund.

Vanquished Creatures
  A wyvern zombie (D:6)
  A scorpion (D:6)
  A hound (D:6)
  An adder (D:2)
  A worm (D:3)
  4 orcs (D:3)
  5 ball pythons
  6 endoplasms
  2 giant cockroaches (D:1)
  5 goblins
  4 hobgoblins
  A quokka (D:3)
  2 bats
  2 kobolds
  4 rats
40 creatures vanquished.

Vanquished Creatures (others)
  56 foxfires
56 creatures vanquished.

Grand Total: 96 creatures vanquished

Notes
Turn   | Place    | Note
-------+----------+-------------------------------------------
     0 | D:1      | zygocact the Deep Dwarf Fire Elementalist began the quest
                  | for the Orb.
     0 | D:1      | Reached XP level 1. HP: 15/15 MP: 3/3
   303 | D:1      | Reached XP level 2. HP: 13/22 MP: 0/4
   403 | D:1      | Reached skill level 3 in Fire Magic
   653 | D:2      | Reached skill level 1 in Armour
   961 | D:2      | Found a basalt altar of Yredelemnul.
   966 | D:2      | Reached XP level 3. HP: 25/28 MP: 5/5
   977 | D:2      | Became a worshipper of Yredelemnul the Dark
   997 | D:2      | Learned a level 3 spell: Inner Flame
  1331 | D:3      | Found a hide-covered altar of Uskayaw.
  1676 | D:3      | Reached skill level 1 in Conjurations
  1676 | D:3      | Reached skill level 1 in Invocations
  1956 | D:3      | You fall into a shaft and drop 3 floors!
  2009 | D:6      | Noticed a scorpion
  2010 | D:6      | Found an ornate altar of the Wu Jian Council.
  2031 | D:6      | Reached XP level 4. HP: 33/36 MP: 1/6
  2037 | D:6      | Killed a scorpion
  2038 | D:6      | Reached skill level 1 in Earth Magic
  2038 | D:6      | Reached XP level 5. HP: 30/42 MP: 1/7
  2211 | D:6      | Noticed Edmund
  2231 | D:6      | HP: 1/42 [Edmund (4)]
  2232 | D:6      | Mangled by Edmund

Illustrated notes

Levels and vault maps discovered:
D:1:      elethiomel_arrival_quiet, layout_basic, columned_hall_lemuel
D:2:      layout_loops_cross, basic_altar
D:3:      layout_basic, mainiacjoe_overflow_chevrons,
          dreamdust_ecumenical_altar_angels_and_demons,
          kennysheep_generic_room_10
D:6:      layout_basic, hangedman_feature_mirror, uniq_edmund, uniq_sigmund

Skill      XL: |  1  2  3  4  5 |
---------------+----------------+-----
Fire Magic     | 3 |  3.6
Armour         | 1 2 |  2.0
Conjurations   | 1 |  1.4
Invocations    | 1 2 |  2.3
Spellcasting   | 2 |  2.6
Earth Magic    | 1 2 |  2.0
Axes           | |  0.2
Polearms       | |  0.5
Dodging        | |  2.1
Stealth        | |  2.7
Unarmed Combat | |  0.3

Action                   |  1- 3 |  4- 6 || total
-------------------------+-------+-------++-------
Melee: Unarmed           |    51 |       ||    51
       Spear             |    37 |       ||    37
       Hand axe          |    52 |    28 ||    80
 Cast: Foxfire           |    27 |    11 ||    38
       Inner Flame       |       |     1 ||     1
 Abil: Heal Wounds       |     8 |     5 ||    13
  Use: Scroll            |     8 |       ||     8
 Stab: Sleeping          |     3 |       ||     3
Armor: Ring mail         |    17 |       ||    17
       Robe              |     1 |       ||     1
       Leather armour    |    28 |     2 ||    30
Dodge: Dodged            |   128 |    28 ||   156
